A+ CENTRAL
GREAT LAKES LOONS @ WISCONSIN TIMBER RATTLERS
07/21/2041
 
TOP OF THE 1ST
Great Lakes Loons batting - Pitching for Wisconsin Timber Rattlers : RHP Al Martin
Pitching: RHP Al Martin
Batting: RHB Stu MacNeill 0-0: Ground out 6-3 (Groundball, 6, EV 88.1 MPH)
Batting: RHB Steve Dickerson 0-0: Called Strike
0-1: SINGLE (Groundball, 34D, EV 108.1 MPH)
Batting: LHB Ken Latrobe 0-0: Foul Ball, location: 3F
0-1: Fly out, F6 (Popup, 6M, EV 56.9 MPH)
Batting: RHB Jim Turner 0-0: Ball
1-0: Ball
2-0: Foul Ball, location: 2F
2-1: Swinging Strike
2-2: Ball
3-2: Base on Balls
Steve Dickerson to second
Batting: SHB Dave Barker 0-0: Ball
1-0: Swinging Strike
1-1: DOUBLE (Line Drive, 8LXD, EV 105.0 MPH)
Steve Dickerson scores
Jim Turner to third
Batting: RHB Ty Oswald 0-0: Ground out 5-3 (Groundball, 56S, EV 78.1 MPH)
Top of the 1st over - 1 run, 2 hits, 0 errors, 2 left on base; Great Lakes 1 - Wisconsin 0
BOTTOM OF THE 1ST
Wisconsin Timber Rattlers batting - Pitching for Great Lakes Loons : RHP José Cruz
Pitching: RHP José Cruz
Batting: LHB Pat Hicks 0-0: Ball
1-0: Ball
2-0: Ball
3-0: Called Strike
3-1: Swinging Strike
3-2: Base on Balls
Batting: RHB Víctor Rodríguez 0-0: Called Strike
Pat Hicks steals 2nd base
0-1: Ground out 5-3 (Groundball, 5, EV 106.9 MPH)
Pat Hicks to third
Batting: RHB Albert Palácios 0-0: Ball
1-0: Ball
2-0: Fly out, F8 (Flyball, 8RD, EV 104.4 MPH)
Runner from 3rd tags up, SCORES, no throw by CF
Batting: RHB Steve Ferrell 0-0: Ball
1-0: Called Strike
1-1: Ground out 6-3 (Groundball, 6, EV 82.5 MPH)
Bottom of the 1st over - 1 run, 0 hits, 0 errors, 0 left on base; Great Lakes 1 - Wisconsin 1
TOP OF THE 2ND
Great Lakes Loons batting - Pitching for Wisconsin Timber Rattlers : RHP Al Martin
Batting: RHB Eric Pérez 0-0: Swinging Strike
0-1: Foul Ball, location: 2F
0-2: Foul Ball, location: 3SF
0-2: Ball
1-2: Ball
2-2: Ground out 3-1 (Groundball, 34, EV 90.0 MPH)
Batting: RHB Bernardo Raozón 0-0: Called Strike
0-1: Called Strike
0-2: Strikes out swinging
Batting: RHB Raúl Mercado 0-0: Ball
1-0: Called Strike
1-1: Foul Ball, location: 2F
1-2: Foul Ball, location: 3DF
1-2: Strikes out looking
Top of the 2nd over - 0 runs, 0 hits, 0 errors, 0 left on base; Great Lakes 1 - Wisconsin 1
BOTTOM OF THE 2ND
Wisconsin Timber Rattlers batting - Pitching for Great Lakes Loons : RHP José Cruz
Batting: RHB Steve Ervin 0-0: Called Strike
0-1: Ball
1-1: Called Strike
1-2: Ball
2-2: Foul Ball, location: 25F
2-2: Ball
3-2: Strikes out swinging
Batting: RHB Jedd Clayton 0-0: SINGLE (Line Drive, 56D, EV 95.0 MPH)
Batting: RHB Liam Brown 0-0: Called Strike
0-1: Called Strike
0-2: Strikes out swinging
Batting: RHB Dani Montoya 0-0: Ground out 1-3 (Groundball, 34S, EV 69.4 MPH)
Bottom of the 2nd over - 0 runs, 1 hit, 0 errors, 1 left on base; Great Lakes 1 - Wisconsin 1
TOP OF THE 3RD
Great Lakes Loons batting - Pitching for Wisconsin Timber Rattlers : RHP Al Martin
Batting: RHB Stu MacNeill 0-0: Ball
1-0: Called Strike
1-1: Foul Ball, location: 2LF
1-2: Strikes out swinging
Batting: RHB Steve Dickerson 0-0: Fly out, F7 (Line Drive, 7D, EV 90.0 MPH)
Batting: LHB Ken Latrobe 0-0: Ball
1-0: SINGLE (Groundball, 34D, EV 106.9 MPH)
Batting: RHB Jim Turner 0-0: Ball
1-0: Foul Ball, location: 9LSF
1-1: Ball
2-1: Ball
3-1: Called Strike
3-2: Base on Balls
Ken Latrobe to second
Batting: SHB Dave Barker 0-0: Ball
1-0: Foul Ball, location: 2LF
1-1: Foul Ball, location: 2F
1-2: Ground out U3 (Groundball, 34, EV 83.1 MPH)
Top of the 3rd over - 0 runs, 1 hit, 0 errors, 2 left on base; Great Lakes 1 - Wisconsin 1
BOTTOM OF THE 3RD
Wisconsin Timber Rattlers batting - Pitching for Great Lakes Loons : RHP José Cruz
Batting: RHB Jeremy Taylor 0-0: Ball
1-0: Ball
2-0: Called Strike
2-1: Ground out 6-3 (Groundball, 6, EV 109.4 MPH)
Batting: LHB Pat Hicks 0-0: Ball
1-0: Ball
2-0: Ground out U3 (Groundball, 3L, EV 105.6 MPH)
Batting: RHB Víctor Rodríguez 0-0: Ball
1-0: Ball
2-0: Fly out, F8 (Line Drive, 8RM, EV 86.3 MPH)
Bottom of the 3rd over - 0 runs, 0 hits, 0 errors, 0 left on base; Great Lakes 1 - Wisconsin 1
TOP OF THE 4TH
Great Lakes Loons batting - Pitching for Wisconsin Timber Rattlers : RHP Al Martin
Batting: RHB Ty Oswald 0-0: Ball
1-0: Ground out 5-3 (Groundball, 56, EV 101.9 MPH)
Batting: RHB Eric Pérez 0-0: Swinging Strike
0-1: Ball
1-1: Foul Ball, location: 2F
1-2: Foul Ball, location: 2F
1-2: Strikes out swinging
Batting: RHB Bernardo Raozón 0-0: Ball
1-0: Foul Ball, location: 2F
1-1: Ball
2-1: Fly out, F6 (Popup, 6MS, EV 69.4 MPH)
Top of the 4th over - 0 runs, 0 hits, 0 errors, 0 left on base; Great Lakes 1 - Wisconsin 1
BOTTOM OF THE 4TH
Wisconsin Timber Rattlers batting - Pitching for Great Lakes Loons : RHP José Cruz
Batting: RHB Albert Palácios 0-0: Ball
1-0: Called Strike
1-1: TRIPLE (Groundball, 3L, EV 106.9 MPH)
Batting: RHB Steve Ferrell 0-0: Foul Ball, location: 5F
0-1: Foul Ball, location: 3F
0-2: Ball
1-2: Ball
2-2: Foul Ball, location: 2F
2-2: Foul Ball, location: 2F
2-2: Foul Ball, location: 5DF
2-2: Ball
3-2: Base on Balls
Batting: RHB Steve Ervin 0-0: Fly out, F7 (Flyball, 7, EV 88.1 MPH)
Runner from 3rd tags up, OUT at HOME! 7-2
Steve Ferrell to second
Batting: RHB Jedd Clayton 0-0: Ball
1-0: Foul Ball, location: 2F
1-1: Swinging Strike
1-2: Ball
2-2: SINGLE (Line Drive, 6MD, EV 110.0 MPH)
Steve Ferrell to third
Batting: RHB Liam Brown 0-0: Ball
1-0: Foul Ball, location: 25F
1-1: Ball
2-1: Ball
3-1: Base on Balls
Jedd Clayton to second
Batting: RHB Dani Montoya 0-0: Ball
1-0: Called Strike
1-1: GRAND SLAM HOME RUN (Flyball, 7D, EV 97.5 MPH), Distance : 369 ft
Pitching: RHP José Vargas
Batting: RHB Jeremy Taylor 0-0: Swinging Strike
0-1: Ball
1-1: Swinging Strike
1-2: Ball
2-2: Strikes out swinging
Bottom of the 4th over - 4 runs, 3 hits, 0 errors, 0 left on base; Great Lakes 1 - Wisconsin 5
TOP OF THE 5TH
Great Lakes Loons batting - Pitching for Wisconsin Timber Rattlers : RHP Al Martin
Batting: RHB Raúl Mercado 0-0: Called Strike
0-1: Ball
1-1: Swinging Strike
1-2: Ball
2-2: Ground out 5-3 (Groundball, 56, EV 102.5 MPH)
Batting: RHB Stu MacNeill 0-0: Called Strike
0-1: SINGLE (Line Drive, 4MD, EV 110.0 MPH)
Batting: RHB Steve Dickerson 0-0: Called Strike
0-1: Ball
1-1: Ball
2-1: Called Strike
Stu MacNeill steals 2nd base
2-2: Ball
3-2: Foul Ball, location: 9LMF
3-2: Fly out, F8 (Flyball, 78S, EV 82.5 MPH)
Batting: LHB Ken Latrobe 0-0: Swinging Strike
0-1: Ball
1-1: Ball
2-1: Ball
3-1: Called Strike
3-2: Strikes out swinging
Top of the 5th over - 0 runs, 1 hit, 0 errors, 1 left on base; Great Lakes 1 - Wisconsin 5
BOTTOM OF THE 5TH
Wisconsin Timber Rattlers batting - Pitching for Great Lakes Loons : RHP José Vargas
Batting: LHB Pat Hicks 0-0: Ball
1-0: Ball
2-0: Called Strike
2-1: Called Strike
2-2: Foul Ball, location: 7LMFF
2-2: Ball
3-2: Foul Ball, location: 2F
3-2: TRIPLE (Flyball, 89XD, EV 104.4 MPH)
Batting: RHB Víctor Rodríguez 0-0: SINGLE (Groundball, 4MS, EV 71.3 MPH) (infield hit)
Pat Hicks scores
Batting: RHB Albert Palácios 0-0: Swinging Strike
0-1: DOUBLE (Line Drive, 3D, EV 95.6 MPH)
Víctor Rodríguez to third
Runner from 3rd tries for Home, throw by RF and OUT! 9-4-2
Batting: RHB Steve Ferrell 0-0: Ball
1-0: Swinging Strike
1-1: Ball
2-1: Called Strike
2-2: Strikes out swinging
Batting: RHB Steve Ervin 0-0: Ball
1-0: Ball
Wild Pitch!
Albert Palácios to third
2-0: Fly out, F7 (Flyball, 7LM, EV 93.1 MPH)
Bottom of the 5th over - 1 run, 3 hits, 0 errors, 1 left on base; Great Lakes 1 - Wisconsin 6
TOP OF THE 6TH
Great Lakes Loons batting - Pitching for Wisconsin Timber Rattlers : RHP Al Martin
Batting: RHB Jim Turner 0-0: Foul Ball, location: 2F
0-1: Ball
1-1: Ground out 4-3 (Groundball, 4, EV 85.0 MPH)
Batting: SHB Dave Barker 0-0: Ball
1-0: Ball
2-0: Ball
3-0: Called Strike
3-1: Base on Balls
Batting: RHB Ty Oswald 0-0: Ball
1-0: Fly out, F8 (Flyball, 8RM, EV 93.1 MPH)
Batting: RHB Eric Pérez 0-0: Fly out, F9 (Flyball, 9LSF, EV 88.8 MPH)
Top of the 6th over - 0 runs, 0 hits, 0 errors, 1 left on base; Great Lakes 1 - Wisconsin 6
BOTTOM OF THE 6TH
Wisconsin Timber Rattlers batting - Pitching for Great Lakes Loons : RHP José Vargas
Batting: RHB Jedd Clayton 0-0: Foul Ball, location: 9LMF
0-1: Fly out, F9 (Flyball, 9D, EV 105.6 MPH)
Batting: RHB Liam Brown 0-0: Called Strike
0-1: Swinging Strike
0-2: Ball
1-2: Ball
2-2: Ball
3-2: DOUBLE (Line Drive, 8RXD, EV 100.0 MPH)
Batting: RHB Dani Montoya 0-0: Ball
1-0: Ball
2-0: Fly out, F6 (Line Drive, 6D, EV 69.4 MPH)
Lined into DP, 6-4 (Line Drive, 6D, EV 69.4 MPH)
Bottom of the 6th over - 0 runs, 1 hit, 0 errors, 0 left on base; Great Lakes 1 - Wisconsin 6
TOP OF THE 7TH
Great Lakes Loons batting - Pitching for Wisconsin Timber Rattlers : RHP Al Martin
Batting: RHB Bernardo Raozón 0-0: Foul Ball, location: 3FF
0-1: Ball
1-1: Foul Ball, location: 2F
1-2: Ball
2-2: Strikes out swinging
Pitching: RHP Ed Jennings
Pinch Hitting: LHB Jesús Cruz 0-0: Ball
1-0: Ball
2-0: Foul Ball, location: 23FF
2-1: Ball
3-1: Fly out, F8 (Line Drive, 8LM, EV 108.8 MPH)
Batting: RHB Stu MacNeill 0-0: Ball
1-0: Called Strike
1-1: Swinging Strike
1-2: Ball
2-2: Ball
3-2: Base on Balls
Batting: RHB Steve Dickerson 0-0: SINGLE (Groundball, 6MD, EV 97.5 MPH)
Stu MacNeill to second
Runner from 2nd tries for 3rd, SAFE, throw by CF made to third
Batting: LHB Ken Latrobe 0-0: Ball
1-0: Called Strike
1-1: Ball
2-1: Ball
3-1: Foul Ball, location: 2F
3-2: DOUBLE (Flyball, 8LXD, EV 108.8 MPH)
Stu MacNeill scores
Steve Dickerson to third
Steve Dickerson scores
Batting: RHB Jim Turner 0-0: Foul Ball, location: 9LSF
0-1: SINGLE (Line Drive, 34D, EV 105.6 MPH)
Ken Latrobe to third
Batting: SHB Dave Barker 0-0: Called Strike
0-1: Ball
1-1: Called Strike
1-2: Ball
2-2: Ball
3-2: Foul Ball, location: 2F
3-2: Ground out 4-3 (Groundball, 4, EV 81.9 MPH)
Top of the 7th over - 2 runs, 3 hits, 0 errors, 2 left on base; Great Lakes 3 - Wisconsin 6
BOTTOM OF THE 7TH
Wisconsin Timber Rattlers batting - Pitching for Great Lakes Loons : RHP José Vargas
Now at SS: Brad Smith
Batting: RHB Jeremy Taylor 0-0: Called Strike
0-1: Ball
1-1: Ball
2-1: Called Strike
2-2: Ball
3-2: Foul Ball, location: 3DF
3-2: Foul Ball, location: 2F
3-2: Base on Balls
Batting: LHB Pat Hicks 0-0: Foul Ball, location: 3DF
0-1: Ball
1-1: Sac Bunt to 23 - play at first, batter OUT! 3-4
Jeremy Taylor to second
Batting: RHB Víctor Rodríguez 0-0: Called Strike
0-1: Called Strike
0-2: Ball
1-2: Ball
2-2: Ball
3-2: Ground out 5-3 (Groundball, 56S, EV 82.5 MPH)
Batting: RHB Albert Palácios 0-0: Ball
1-0: Called Strike
1-1: Foul Ball, location: 2F
1-2: Ball
2-2: Ball
3-2: Fly out, F4 (Popup, 34S, EV 69.4 MPH)
Bottom of the 7th over - 0 runs, 0 hits, 0 errors, 1 left on base; Great Lakes 3 - Wisconsin 6
TOP OF THE 8TH
Great Lakes Loons batting - Pitching for Wisconsin Timber Rattlers : RHP Ed Jennings
Batting: RHB Ty Oswald 0-0: Ball
1-0: Called Strike
1-1: SINGLE (Line Drive, 9S, EV 92.5 MPH)
Batting: RHB Eric Pérez 0-0: Called Strike
0-1: Ball
1-1: Grounds into double play, 1-4-3 (Groundball, 15S, EV 70.6 MPH)
Pinch Hitting: RHB António Delreal 0-0: Called Strike
0-1: SINGLE (Flyball, 56D, EV 94.4 MPH)
Batting: SHB Brad Smith 0-0: Called Strike
0-1: Ball
1-1: Foul Ball, location: 2F
1-2: Ball
2-2: Foul Ball, location: 3SF
2-2: Ball
3-2: Base on Balls
António Delreal to second
Batting: RHB Stu MacNeill 0-0: Ball
1-0: Called Strike
1-1: Ground out 6-3 (Groundball, 6S, EV 78.8 MPH)
Top of the 8th over - 0 runs, 2 hits, 0 errors, 2 left on base; Great Lakes 3 - Wisconsin 6
BOTTOM OF THE 8TH
Wisconsin Timber Rattlers batting - Pitching for Great Lakes Loons : RHP José Vargas
Now at 2B: Iván Cabrera
Batting: RHB Steve Ferrell 0-0: Fly out, F8 (Flyball, 8LXD, EV 89.4 MPH)
Batting: RHB Steve Ervin 0-0: Called Strike
0-1: Fly out, F9 (Line Drive, 9, EV 98.8 MPH)
Batting: RHB Jedd Clayton 0-0: Ball
1-0: Called Strike
1-1: Swinging Strike
1-2: Foul Ball, location: 7LMF
1-2: Foul Ball, location: 2F
1-2: Ball
2-2: Ground out 4-3 (Groundball, 4, EV 89.4 MPH)
Bottom of the 8th over - 0 runs, 0 hits, 0 errors, 0 left on base; Great Lakes 3 - Wisconsin 6
TOP OF THE 9TH
Great Lakes Loons batting - Pitching for Wisconsin Timber Rattlers : RHP Ed Jennings
Pitching: LHP Zai-shuo Won
Batting: RHB Steve Dickerson 0-0: Ball
1-0: Ball
2-0: Ball
3-0: Base on Balls
Pinch Hitting: RHB Greg Sørensen 0-0: Ball
Balk!
Steve Dickerson to second
1-0: Swinging Strike
1-1: Swinging Strike
1-2: Ball
2-2: Ball
3-2: Strikes out looking
Batting: RHB Jim Turner 0-0: Swinging Strike
0-1: Called Strike
0-2: Ball
1-2: Strikes out swinging
Batting: SHB Dave Barker 0-0: Ball
1-0: Ball
2-0: Called Strike
2-1: Foul Ball, location: 5SF
2-2: Ball
3-2: Ground out 1-3 (Groundball, 13, EV 69.4 MPH)
Top of the 9th over - 0 runs, 0 hits, 0 errors, 1 left on base; Great Lakes 3 - Wisconsin 6
Monday, April 1st , 2024 - OOTP Baseball 24.10 Build 82